AoeStats
← IsraDguez

Arabia

505552831Analyzed
4v4 RM · 24d ago on Sep 9, 2026· 41m 16s· 8 players
Game mode
Random Map
Map size
Large (8 player)
Population
200
Speed
Normal
Resources
Standard
Victory
Conquest
Starting age
Dark Age
Ending age
Imperial Age
RankedLock teamsTeams togetherTeam positionsShared explorationLock speedFull tech treeHidden civsTurbo modeCheats
Victory
Defeat
🇲🇽 Britons · Mexico
1003
+16
🇫🇷 Ethiopians · France
984
+17
🇫🇷 Malay · France
979
+17
🇺🇸 Magyars · United States
939
+19
🇲🇽 Celts · Mexico
1111
-21
🇲🇽 Maya · Mexico
1074
-20
🇲🇽 Japanese · Mexico
969
-16
🇺🇸 Romans · United States
872
-12
King Dario II
9:32 Feudal Age
8:52 Loom
10:29 Man-at-Arms
11:45 Arson
19:59 Horse Collar
24:51 Castle Age
22:53 Double-Bit Axe
24:31 Gold Mining
26:18 Scale Mail Armor
26:28 Forging
25:53 Pikeman
28:06 Long Swordsman
29:44 Wheelbarrow
30:31 Iron Casting
30:44 Chain Mail Armor
30:54 Heavy Plow
RodMe27
1:49 Loom
12:17 Feudal Age
21:10 Castle Age
19:25 Double-Bit Axe
20:09 Scale Mail Armor
21:10 Forging
22:25 Wheelbarrow
21:40 Horse Collar
23:23 Squires
24:49 Pikeman
34:31 Chain Mail Armor
34:52 Iron Casting
39:38 Imperial Age
39:56 Hand Cart
IsraDguez
0:27 Loom
9:59 Feudal Age
18:54 Castle Age
17:19 Double-Bit Axe
18:37 Fletching
24:45 Thumb Ring
sergiogl100
0:40 Loom
11:14 Feudal Age
14:32 Double-Bit Axe
14:31 Horse Collar
16:57 Bloodlines
17:43 Forging
26:07 Castle Age
26:51 Pikeman
28:02 Elite Skirmisher
30:23 Thumb Ring
31:46 Squires
UTA_Boy
11:54 Loom
13:40 Feudal Age
18:48 Bloodlines
22:34 Double-Bit Axe
27:07 Horse Collar
31:34 Castle Age
30:18 Gold Mining
32:31 Bow Saw
33:23 Fletching
34:41 Thumb Ring
36:37 Bodkin Arrow
37:47 Light Cavalry
lyonnais--86
6:45 Loom
9:35 Feudal Age
14:31 Wheelbarrow
17:57 Fletching
18:11 Padded Archer Armor
25:20 Castle Age
26:43 Crossbowman
27:56 Bodkin Arrow
29:04 Leather Archer Armor
29:37 Double-Bit Axe
30:00 Horse Collar
32:43 Thumb Ring
42:34 Imperial Age
razors-38i
15:24 Feudal Age
18:27 Castle Age
16:34 Double-Bit Axe
17:38 Scale Barding Armor
17:45 Horse Collar
19:33 Loom
30:44 Forging
40:40 Iron Casting
Iquinteroe23
0:27 Loom
12:31 Feudal Age
13:27 Double-Bit Axe
13:39 Horse Collar
17:48 Castle Age
19:34 Heavy Plow
19:47 Bow Saw
22:31 Fervor
25:24 Forging
25:19 Scale Barding Armor
27:33 Iron Casting
27:19 Chain Barding Armor
27:03 Husbandry
28:58 Gold Mining
28:58 Stone Mining
29:52 Caravan
39:48 Imperial Age
37:54 Wheelbarrow
37:04 Town Watch
Connection lost

Rejoining the realm…

Still unreachable

The connection could not be restored.

Session expired

The server has moved on; the page needs a fresh start.